 Dungeon Crawl Stone Soup version 0.30-a0-218-gedb9141078 (webtiles) character file.

Game seed: 8544220227765438476

1073 KennySheep the Cudgeller (level 8, 0/72 HPs)
             Began as an Ogre Hedge Wizard on Oct 5, 2022.
             Was a Priest of Hepliaklqana.
             Slain by a killer bee (1 damage)
             ... on level 7 of the Dungeon on Oct 6, 2022.
             The game lasted 00:23:21 (8191 turns).

KennySheep the Cudgeller (Ogre Hedge Wizard)        Turns: 8191, Time: 00:23:22

Health: 0/72       AC:  4    Str: 17    XL:     8   Next: 29%
Magic:  16/16      EV:  9    Int: 19    God:    Hepliaklqana [***...]
Gold:   345        SH:  0    Dex: 10    Spells: 10/17 levels left

rFire   . . .      SeeInvis .    g - +6 great mace of the Equinox {vorpal, Int+4 Dex+2}
rCold   . . .      Faith    .    (shield currently unavailable)
rNeg    . . .      Spirit   .    b - +0 robe
rPois   .          Reflect  .    c - +1 hat
rElec   .          Harm     .    (no cloak)
rCorr   .          Rampage  .    (gloves unavailable)
Will    .....                    (boots unavailable)
Stlth   ++........               (no amulet)
HPRegen 0.32/turn                (no ring)
MPRegen 0.15/turn                (no ring)

@: lethally poisoned (0 -> -5)
A: reduced essence, large, unfitting armour, tough skin 1
a: Renounce Religion, Recall Ancestor, Ancestor Identity, Transference


You were on level 7 of the Dungeon.
You worshipped Hepliaklqana.
Hepliaklqana was most pleased with you.
You visited 1 branch of the dungeon, and saw 7 of its levels.

You collected 401 gold pieces.
You spent 56 gold pieces at shops.

Inventory:

Hand Weapons
 a - a +0 dagger
 g - the +6 great mace of the Equinox (weapon) {vorpal, Int+4 Dex+2}
   (You acquired it on level 6 of the Dungeon)

   It inflicts extra damage upon your enemies.
   Int:       It affects your intelligence (+4).
   Dex:       It affects your dexterity (+2).
 j - a +2 short sword of venom
Missiles
 h - 5 large rocks
Armour
 b - a +0 robe (worn)
 c - a +1 hat (worn)
Jewellery
 n - a ring of positive energy
Wands
 s - a wand of roots (7)
Scrolls
 e - a scroll of butterflies
 f - 2 scrolls of teleportation
 k - 2 scrolls of magic mapping
 o - 2 scrolls of poison
 t - 2 scrolls of amnesia
 v - a scroll of torment
 w - 2 scrolls of vulnerability
 x - a scroll of summoning {unknown}
 A - a scroll of enchant weapon
 C - a scroll of silence
Potions
 d - 2 potions of magic
 i - a potion of might {unknown}
 l - a potion of brilliance {unknown}
 p - 2 potions of degeneration
 q - a potion of flight {unknown}
 r - a potion of resistance {unknown}
 u - a potion of ambrosia {unknown}
 z - a potion of haste {unknown}
 B - a potion of lignification
Miscellaneous
 y - a phial of floods


   Skills:
 + Level 5.0 Fighting
 * Level 7.0 Maces & Flails
 - Level 1.7 Dodging
 - Level 1.4 Stealth
 - Level 5.3 Spellcasting
 - Level 0.8 Conjurations
 - Level 0.8 Summonings
 - Level 0.8 Translocations


You had 10 spell levels left.
You knew the following spells:

 Your Spells              Type           Power      Damage    Failure   Level
a - Magic Dart            Conj           32%        1d4       9%          1
b - Blink                 Tloc           16%        N/A       13%         2
c - Call Imp              Summ           8%         N/A       13%         2
d - Cigotuvi's Dreadful   Necr/Pois/Air  10%        N/A       19%         2

Your spell library contained the following spells:

 Spells                   Type           Power      Damage    Failure   Level
 Kiss of Death            Conj/Necr      24%        2d7       10%         1
 Slow                     Hex            20%        N/A       12%         1
 Poisonous Vapours        Pois/Air       10%        N/A       19%         2
 Portal Projectile        Hex/Tloc       12%        N/A       30%         3
 Mephitic Cloud           Conj/Pois/Air  6%         N/A       32%         3
 Confusing Touch          Hex            5%         N/A       34%         3
 Tukima's Dance           Hex            5%         N/A       34%         3
 Passage of Golubria      Tloc           8%         N/A       63%         4
 Dispel Undead            Necr           5%         3d7       75%         4
 Blade Hands              Tmut           2%         N/A       97%         5
 Yara's Violent Unravell  Hex/Tmut       2%         3d3       97%         5


Dungeon Overview and Level Annotations

Branches:
Dungeon (7/15)             Temple (0/1) D:5

Altars:
Fedhas
Hepliaklqana
Okawaru
Uskayaw
Vehumet
Wu Jian
Xom

Shops:
D:2 !

Annotations:
D:4 Edmund
D:5 Dowan
D:7 Joseph


Innate Abilities, Weirdness & Mutations

Your life essence is reduced to manifest your ancestor. (-10% HP)
You are too large for most types of armour.
You have tough skin. (AC +1)


Message History

Fatman Slim blocks the kobold's attack.
The kobold brigand hits Fatman Slim with a +0 club.
The black bear bites Fatman Slim.
Fatman Slim blocks the black bear's attack.
The black bear claws Fatman Slim but does no damage.
You feel better. The killer bee stings you!
* * * LOW HITPOINT WARNING * * *
The killer bee closely misses you.
Fatman Slim hits the black bear with a +0 flail!
The killer bee closely misses you. The killer bee stings you.
* * * LOW HITPOINT WARNING * * *
You are lethally poisoned!
The killer bee poisons you!
The kobold misses Fatman Slim.
The kobold brigand hits Fatman Slim with a +0 club.
You feel better. The killer bee barely misses you. The killer bee stings you.
* * * LOW HITPOINT WARNING * * *
Fatman Slim hits the black bear with a +0 flail.
The killer bee stings you.
* * * LOW HITPOINT WARNING * * *
The killer bee stings you.
* * * LOW HITPOINT WARNING * * *
The killer bee stings you but does no damage.
Fatman Slim blocks the kobold's attack.
The kobold brigand throws a poisoned dart.
The poisoned dart hits Fatman Slim!
The killer bee attacks as you move away!
The killer bee stings you.
* * * LOW HITPOINT WARNING * * *
You are lethally poisoned!
The killer bee poisons you!
* * * LOW HITPOINT WARNING * * *
You feel very sick. The killer bee barely misses you.
The kobold hits Fatman Slim but does no damage.
Okay, then.
* * * LOW HITPOINT WARNING * * *
You feel sick.
Fatman Slim closely misses the kobold brigand.
The killer bee stings you.
You die...

.....##@#### #...# .## #.#
#...# . ###)# ######...######
...####<.)###.K...........###
......y.....K.KR............#
...###.$..###K..yh........#.#
....R.......####y#####.####
....#..#..#># #y# #.# ###
#..#..$.# #@# #.# #.......#
#.# #.# ?.##....# #.#####.#
.(. #..#.# #.<.....# #...
.....# ####.#### #.# #.# #..
...


You could see the friendly Fatman Slim the knight, a black bear, a kobold
brigand (ally target) and 3 killer bees.

Vanquished Creatures
  A kobold brigand (D:7)
  A necrophage (D:7)
  3 scorpions
  A killer bee (D:6)
  An orc priest (D:5)
  2 hounds
  A jelly (D:5)
  Natasha (thrice) (D:4)
  Robin (D:4)
  5 adders
  A worm (D:4)
  2 dart slugs (D:1)
  9 orcs
  8 bats
  2 endoplasms
  17 giant cockroaches
  13 goblins
  7 hobgoblins
  4 quokkas
  3 ball pythons (D:1)
  2 frilled lizards
  7 kobolds
  7 rats
101 creatures vanquished.

Vanquished Creatures (collateral kills)
  A phantom (D:5)
  A scorpion (D:4)
  A killer bee (D:6)
  A jelly (D:4)
  A hound (D:3)
  2 orc wizards (D:5)
  3 gnolls (D:7)
  2 adders
  A worm (D:4)
  3 orcs (D:5)
  3 goblins (D:4)
  A hobgoblin (D:4)
  5 kobolds
25 creatures vanquished.

Vanquished Creatures (others)
  4 knights
  2 ancestors (D:4)
  A plant (D:6)
7 creatures vanquished.

Grand Total: 133 creatures vanquished

Notes
Turn   | Place    | Note
-------+----------+-------------------------------------------
     0 | D:1      | KennySheep the Ogre Hedge Wizard began the quest for the
                  | Orb.
     0 | D:1      | Reached XP level 1. HP: 16/16 MP: 5/5
   140 | D:1      | Reached XP level 2. HP: 24/24 MP: 1/7
   414 | D:1      | Learned a level 2 spell: Blink
   417 | D:1      | Learned a level 2 spell: Call Imp
   420 | D:1      | Learned a level 2 spell: Cigotuvi's Dreadful Rot
   610 | D:1      | Reached XP level 3. HP: 31/31 MP: 0/9
   978 | D:1      | Reached skill level 5 in Spellcasting
  1070 | D:2      | Found a hazy altar of Hepliaklqana.
  1078 | D:2      | Became a worshipper of Hepliaklqana the Forgotten
  1481 | D:2      | Reached skill level 1 in Fighting
  1553 | D:2      | Found Ceebeun's Distillery.
  1558 | D:2      | Bought a potion of degeneration for 14 gold pieces
  1558 | D:2      | Bought a potion of curing for 42 gold pieces
  1705 | D:2      | Identified a scroll of acquirement
  1990 | D:3      | Reached XP level 4. HP: 41/41 MP: 7/11
  2055 | D:3      | Found a shimmering altar of Xom.
  2173 | D:3      | Found a blossoming altar of Fedhas.
  2179 | D:3      | Reached * piety under Hepliaklqana
  2429 | D:3      | Found an ornate altar of the Wu Jian Council.
  2579 | D:3      | Reached skill level 1 in Maces & Flails
  3125 | D:4      | Reached XP level 5. HP: 44/44 MP: 0/12
  3284 | D:4      | Reached skill level 2 in Maces & Flails
  3424 | D:4      | Reached ** piety under Hepliaklqana
  3491 | D:4      | Remembered your ancestor Fatman Slim as a knight
  3505 | D:4      | Reached XP level 6. HP: 54/54 MP: 1/14
  3506 | D:4      | Reached skill level 3 in Maces & Flails
  3617 | D:4      | Noticed Robin
  3633 | D:4      | Killed Robin
  4008 | D:4      | Noticed Natasha
  4015 | D:4      | Killed Natasha
  4220 | D:4      | Noticed Natasha
  4230 | D:5      | Entered Level 5 of the Dungeon
  4462 | D:5      | Noticed Dowan
  4489 | D:4      | Killed Natasha
  4490 | D:4      | Reached skill level 4 in Maces & Flails
  4513 | D:4      | Noticed Natasha
  4522 | D:4      | Killed Natasha
  4699 | D:4      | Noticed Edmund
  5160 | D:5      | Reached XP level 7. HP: 54/63 MP: 13/15
  5245 | D:5      | Found a staircase to the Ecumenical Temple.
  5326 | D:5      | Reached skill level 5 in Maces & Flails
  6153 | D:6      | Acquired the +6 great mace of the Equinox {vorpal, Int+4
                  | Dex+2}
  6360 | D:6      | Reached *** piety under Hepliaklqana
  6458 | D:6      | Reached skill level 6 in Maces & Flails
  6530 | D:6      | Found a hide-covered altar of Uskayaw.
  6534 | D:6      | Found a radiant altar of Vehumet.
  6539 | D:6      | Found an iron altar of Okawaru.
  7076 | D:7      | Reached XP level 8. HP: 65/70 MP: 16/16
  7121 | D:7      | Noticed Joseph
  7921 | D:7      | Reached skill level 5 in Fighting
  7921 | D:7      | Reached skill level 7 in Maces & Flails
  8190 | D:7      | HP: 2/72 [poisoned by a killer bee]
  8191 | D:7      | Slain by a killer bee

Illustrated notes

Levels and vault maps discovered:
D:1:      doesnt_arrival_eight_statues, layout_rooms, hex_large,
          minmay_tetromino_l2
D:2:      minmay_roachtagon, layout_basic, basic_altar, serial_shops,
          nicolae_shop_hallway_plus
D:3:      layout_loops_corners, nicolae_overflow_crystal_walls, fedhas_altar_3,
          mainiacjoe_overflow_small_starburst, kennysheep_generic_room_16
D:4:      layout_basic, uniq_robin, uniq_natasha, uniq_edmund
D:5:      layout_basic, minmay_temple_entry_crystal_x, minivault_5, uniq_duvessa
D:6:      layout_basic, nicolae_ru_the_path_less_chosen,
          grunt_temple_overflow_diamond, serial_bayou, serial_bayou_pond_d,
          serial_bayou_ford_a, serial_bayou_crossing, serial_bayou_shore_b
D:7:      layout_loops_cross, nicolae_sif_muna_condensation, uniq_joseph

Skill      XL: |  1  2  3  4  5  6  7  8 |
---------------+-------------------------+-----
Spellcasting   | 4 5 |  5.3
Fighting       | 1 2 3 4 5 |  5.0
Maces & Flails | 1 2 4 6 7 |  7.0
Dodging        | |  1.7
Stealth        | |  1.4
Conjurations   | |  0.8
Summonings     | |  0.8
Translocations | |  0.8

Action                   |  1- 3 |  4- 6 |  7- 9 || total
-------------------------+-------+-------+-------++-------
Melee: Dagger            |    22 |       |       ||    22
       Short sword       |    12 |    27 |     5 ||    44
       Punch             |     1 |       |       ||     1
       Great mace        |       |       |    44 ||    44
Throw: Large rock        |       |     5 |       ||     5
 Cast: Magic Dart        |   105 |   164 |    49 ||   318
Invok: Ancestor Identity |       |     1 |       ||     1
       Ancestor Life: Kn |       |     1 |       ||     1
       Recall Ancestor   |       |       |     1 ||     1
  Use: Scroll            |     3 |     3 |     7 ||    13
       Potion            |       |       |     4 ||     4
 Stab: Distracted        |       |     1 |       ||     1
Armor: Robe              |    30 |    25 |    28 ||    83
Dodge: Dodged            |    32 |    38 |    42 ||   112

Table legend: (Time is in decaauts)
 A = Elapsed time spent in this place.
 B = Non-inter-level travel time spent in this place.
 C = Inter-level travel time spent in this place.
 D = Time resting spent in this place.
 E = Time spent auto-exploring this place.
 F = Levels seen in this place.
 G = Mean time per level.
                   A        B        C        D        E       F      G
               +--------+--------+--------+--------+--------+-----+--------+
         Total |   8220 |   7736 |    484 |   1154 |   5660 |   7 | 1174.3 |
       Dungeon |   8220 |   7736 |    484 |   1154 |   5660 |   7 | 1174.3 |
               +--------+--------+--------+--------+--------+-----+--------+

Top non-repeatable levels by time:
     D:4: 1936 daAuts
     D:6: 1800 daAuts
     D:5: 1242 daAuts
     D:3: 1086 daAuts
     D:1: 1069 daAuts
     D:2: 803 daAuts
     D:7: 280 daAuts
